 Dungeon Crawl Stone Soup version 0.28-a0-819-g6ef7baa362 (webtiles) character file.

Game seed: 11436760143664651671

6007 freelancePsychic the Fighter (level 10, -1/94 HPs)
             Began as a White Draconian Conjurer on Nov 9, 2021.
             Was a Believer of Sif Muna.
             Slain by a very large slime creature (45 damage)
             ... on level 10 of the Dungeon.
             The game lasted 00:33:03 (14660 turns).

freelancePsychic the Fighter (DrCj)                Turns: 14660, Time: 00:33:03

Health: -1/94      AC: 10    Str:  9    XL:     10   Next: 56%
Magic:  19/25      EV: 12    Int: 21    God:    Sif Muna [**....]
Gold:   400        SH:  0    Dex: 11    Spells: 10/17 levels left

rFire   . . .      SeeInvis +   r - +3 dagger (venom)
rCold   + . .      Faith    .   (no shield)
rNeg    . . .      Spirit   .   (armour unavailable)
rPois   .          Reflect  .   (helmet restricted)
rElec   .          Harm     .   d - +1 cloak
rCorr   .          Rampage  .   y - +0 pair of gloves
Will    .....                   (no boots)
Stlth   ++........              z - amulet of the acrobat
HPRegen 0.25/turn               n - ring of magical power
MPRegen 0.19/turn               E - ring of see invisible

@: no status effects
A: breathe frost, AC +7, unfitting armour, cold resistance 1, cold-blooded
a: Breathe Frost, Renounce Religion, Channel Magic


You were on level 10 of the Dungeon.
You worshipped Sif Muna.
Sif Muna was pleased with you.
You visited 2 branches of the dungeon, and saw 12 of its levels.

You collected 521 gold pieces.
You spent 121 gold pieces at shops.

Inventory:

Hand Weapons
 r - a +3 dagger of venom (weapon)
Missiles
 f - 20 poisoned darts
Armour
 d - a +1 cloak (worn)
 y - a +0 pair of gloves (worn)
Jewellery
 n - a ring of magical power (left hand)
 z - an amulet of the acrobat (around neck)
 E - a ring of see invisible (right hand)
 F - a ring of fire
Wands
 c - a wand of flame (14)
 m - a wand of polymorph (3)
 t - a wand of digging (4)
 A - a wand of iceblast (13)
 D - a wand of acid (4)
Scrolls
 k - a scroll of immolation
 l - 2 scrolls of amnesia
 p - a scroll of holy word
 s - 3 scrolls of enchant weapon
 v - a scroll of enchant armour
 w - a scroll of brand weapon
 B - 5 scrolls of teleportation {@r4}
 C - a scroll of torment {unknown}
Potions
 a - 5 potions of lignification {unknown}
 b - 2 potions of magic {unknown}
 e - 7 potions of curing {@q1}
 g - 5 potions of heal wounds {@q2}
 h - a potion of might {unknown}
 i - 4 potions of flight
 j - a potion of mutation {unknown}
 o - 2 potions of experience {unknown}
 q - 2 potions of attraction {unknown}
 u - a potion of ambrosia
 x - 2 potions of degeneration {unknown}


   Skills:
 - Level 10.4 Fighting
 - Level 1.7 Dodging
 - Level 1.7 Stealth
 - Level 4.0 Spellcasting
 - Level 6.0 Conjurations
 + Level 0.0 Transmutations
 + Level 9.3 Earth Magic
 - Level 7.1 Invocations


You had 10 spell levels left.
You knew the following spells:

 Your Spells              Type           Power      Damage    Failure   Level
b - Searing Ray           Conj           58%        2d6       1%          2
e - Lee's Rapid Deconstr  Erth           21%        3d13*     7%          5

Your spell library contained the following spells:

 Spells                   Type           Power      Damage    Failure   Level
 Magic Dart               Conj           100%       1d8       1%          1
 Foxfire                  Conj/Fire      64%        2x1d7     3%          1
 Conjure Flame            Conj/Fire      16%        6-21      11%         3
 Dazzling Flash           Conj/Hex       32%        N/A       11%         3
 Leda's Liquefaction      Hex/Erth       11%        N/A       17%         4
 Blink                    Tloc           8%         N/A       19%         2
 Corpse Rot               Necr/Air       8%         N/A       19%         2
 Inner Flame              Hex/Fire       4%         N/A       34%         3
 Lesser Beckoning         Tloc           4%         N/A       34%         3
 Flame Wave               Conj/Fire      16%        3d5       34%         4
 Fulminant Prism          Conj/Hex       8%         3d7       34%         4
 Iskenderun's Mystic Bla  Conj/Tloc      16%        2d5       34%         4
 Dispel Undead            Necr           4%         3d7       75%         4
 Statue Form              Tmut/Erth      15%        N/A       95%         6
 Manifold Assault         Tloc           4%         N/A       97%         5
 Death Channel            Necr           2%         N/A       100%        6


Dungeon Overview and Level Annotations

Branches:
Dungeon (11/15)            Temple (1/1) D:6            Lair (0/6) D:10
    Orc (0/2) D:9

Altars:
Ashenzari
Cheibriados
Dithmenos
Elyvilon
Gozag
Hepliaklqana
Kikubaaqudgha
Makhleb
Nemelex Xobeh
Okawaru
Qazlal
Ru
Sif Muna
Trog
Uskayaw
Vehumet
Wu Jian
Xom
Yredelemnul
Zin
The Shining One

Shops:
D:2 =*[!   D:4 !   D:8 :

Annotations:
D:3 exclusion: orc priest
D:10 exclusion: 2 oklob plants


Innate Abilities, Weirdness & Mutations

You can breathe waves of freezing cold which knock back foes.
Your icy white scales are hard. (AC +7)
You cannot fit into any form of body armour.
Your flesh is cold resistant. (rC+)
You are cold-blooded and may be slowed by cold attacks.


Message History

Aim: a slime creature (heavily wounded, 95% to hit)
The searing ray hits the slime creature!
The slime creature is severely wounded. (Press . to maintain the ray.)
The slime creature hits you but does no damage.
The searing ray hits the slime creature.
The slime creature is almost dead.
The slime creature completely misses you.
The searing ray hits the slime creature!
The slime creature is almost dead.
The slime creature barely misses you.
The searing ray hits the slime creature.
You kill the slime creature!
Sif Muna accepts your kill.
You finish channelling your searing ray.
Okay, then.
B - 5 scrolls of teleportation {@r4} (gained 1)
There is a stone staircase leading up here.
There is a stone staircase leading up here.
Okay, then.
Okay, then.
Search for what [? for help]? iron Unknown command.
Search for what [Enter for "iron", or ? for help]?
Okay, then.
Search for what [Enter for "iron", or ? for help]? ice Unknown command.
A wraith comes into view.
There is a stone staircase leading up here.
You are too injured to fight recklessly!
Casting: Searing Ray (safe; 1% risk of failure)
Confirm with . or Enter, or press ? or * to list all spells.
Aiming: Searing Ray (safe; 1% risk of failure)
Press: ? - help, Shift-Dir - straight line, f - wraith
Aim: a wraith (79% to hit)
Okay, then.
You climb upwards.
Level annotation: exclusion: 2 oklob plants The very large slime creature hits you!!!
You die...

#...............#
#..........######
#......#####....# #.
#..........#....# ...
#..........#....# ....
#......#####....# ...$.
#......#...#...[#....#
#......#.J......'....#
#......#@.......#)...#
#...#+##'################
#.........#....#.........
#.........#....'.........
#.........#....#.........
##'#########..##..#..####
#.....'.......#...#..#...
#.....#.......#...#..#...
#########################


You could see a very large slime creature.

Vanquished Creatures
  An unseen horror (D:10)
  2 komodo dragons
  A troll (D:9)
  A slime creature (D:11)
  A wyvern (D:9)
  8 yaks
  2 shadows
  2 wraiths (D:10)
  2 water moccasins
  5 orc warriors
  A sky beast (D:5)
  2 centaurs
  2 kobold brigands
  4 bullfrogs
  A wyvern zombie (D:8)
  3 scorpions
  A water moccasin skeleton (D:5)
  5 killer bees
  3 wights (D:10)
  An electric eel (D:6)
  A centaur zombie (D:8)
  2 lava snakes (D:10)
  A jelly (D:4)
  2 hounds (D:6)
  3 orc priests
  A gnoll shaman (D:6)
  An iguana (D:6)
  8 orc wizards
  2 howler monkey zombies (D:9)
  14 gnolls
  7 adders
  A white imp (D:7)
  An ufetubus (D:5)
  2 worms
  7 dart slugs
  19 orcs
  12 endoplasms
  5 giant cockroaches
  13 goblins
  7 hobgoblins
  8 kobolds
  6 quokkas
  8 ball pythons
  6 bats
  3 frilled lizards
  8 rats
196 creatures vanquished.

Vanquished Creatures (others)
  2 plants (D:10)
2 creatures vanquished.

Grand Total: 198 creatures vanquished

Notes
Turn   | Place    | Note
-------+----------+-------------------------------------------
     0 | D:1      | freelancePsychic the Draconian Conjurer began the quest for
                  | the Orb.
     0 | D:1      | Reached XP level 1. HP: 14/14 MP: 3/3
   303 | D:1      | Reached XP level 2. HP: 20/20 MP: 3/5
   420 | D:1      | Learned a level 2 spell: Searing Ray
   824 | D:1      | Found a faded altar of an unknown god.
  1029 | D:1      | Reached XP level 3. HP: 26/26 MP: 4/7
  1494 | D:2      | Found a shimmering blue altar of Sif Muna.
  1746 | D:2      | Became a worshipper of Sif Muna the Loreminder
  2210 | D:2      | Reached skill level 1 in Invocations
  2210 | D:2      | Reached XP level 4. HP: 34/34 MP: 1/8
  2396 | D:2      | Found Orewyew's Distillery.
  2404 | D:2      | Bought a potion of brilliance for 40 gold pieces
  2474 | D:2      | Found Gibba's Armour Emporium.
  2547 | D:2      | Found Davoemij's Jewellery Boutique.
  2622 | D:2      | Found Ymnuin's Assorted Antiques.
  2628 | D:2      | Bought a scroll labelled CYKOS WYCRU for 27 gold pieces
  2692 | D:3      | Reached skill level 1 in Fighting
  2894 | D:3      | Reached * piety under Sif Muna
  3411 | D:2      | Bought 2 scrolls labelled VAIFIRAYFI for 54 gold pieces
  3506 | D:3      | Reached skill level 5 in Conjurations
  3672 | D:4      | Found Jiuciu's Distillery.
  3686 | D:4      | Reached XP level 5. HP: 40/40 MP: 1/9
  4194 | D:4      | Noticed a water moccasin
  4205 | D:4      | Killed a water moccasin
  4206 | D:4      | Reached skill level 2 in Fighting
  4206 | D:4      | Reached XP level 6. HP: 45/49 MP: 3/10
  5126 | D:5      | Entered Level 5 of the Dungeon
  5489 | D:5      | Noticed an ice beast
  5533 | D:5      | Noticed a water moccasin
  5540 | D:5      | Killed a water moccasin
  5541 | D:5      | Reached skill level 3 in Fighting
  5653 | D:5      | Noticed a steam dragon
  5678 | D:6      | Noticed a shadow
  5687 | D:5      | Your scales start taking on an icy white colour.
  5687 | D:5      | Reached XP level 7. HP: 53/57 MP: 7/11
  5687 | D:5      | Gained mutation: Your flesh is cold resistant. (rC+) [White
                  | Draconian growth]
  5789 | D:5      | a steam dragon changed into a sky beast
  5807 | D:5      | Reached skill level 5 in Invocations
  5954 | D:5      | Found an ancient bone altar of Kikubaaqudgha.
  6176 | D:5      | Found a burning altar of Makhleb.
  6485 | D:5      | Killed a shadow
  6486 | D:5      | Reached skill level 1 in Earth Magic
  6823 | D:6      | Reached ** piety under Sif Muna
  6893 | D:6      | Reached XP level 8. HP: 64/64 MP: 13/13
  8019 | D:6      | Found an opulent altar of Gozag.
  8103 | D:6      | Found a staircase to the Ecumenical Temple.
  8109 | Temple   | Entered the Ecumenical Temple
  8325 | D:7      | Reached skill level 4 in Fighting
  8823 | D:7      | Found a snail-covered altar of Cheibriados.
  8826 | D:7      | Found a bloodstained altar of Trog.
  8830 | D:7      | Found a glowing silver altar of Zin.
  8830 | D:7      | Found a white marble altar of Elyvilon.
  8832 | D:7      | Found a hazy altar of Hepliaklqana.
  8833 | D:7      | Found an ornate altar of the Wu Jian Council.
  8835 | D:7      | Found a sacrificial altar of Ru.
  8895 | D:7      | Reached skill level 5 in Fighting
  9478 | D:8      | Reached skill level 6 in Fighting
  9478 | D:8      | Reached skill level 5 in Earth Magic
  9478 | D:8      | Reached XP level 9. HP: 30/75 MP: 12/15
  9996 | D:8      | Reached skill level 7 in Fighting
 10357 | D:8      | Found Juorpheo's Book Shop.
 10981 | D:9      | Noticed a troll
 10996 | D:9      | Killed a troll
 10997 | D:9      | Reached skill level 8 in Fighting
 11409 | D:8      | Learned a level 5 spell: Lee's Rapid Deconstruction
 11600 | D:9      | Noticed a komodo dragon
 11645 | D:8      | Killed a komodo dragon
 11731 | D:9      | Reached XP level 10. HP: 68/90 MP: 6/16
 11838 | D:9      | Reached skill level 9 in Fighting
 12399 | D:9      | Found a staircase to the Orcish Mines.
 12439 | D:10     | Entered Level 10 of the Dungeon
 12724 | D:10     | Noticed an oklob plant
 13755 | D:10     | Reached skill level 10 in Fighting
 14235 | D:10     | Noticed an oklob plant
 14272 | D:10     | Found a staircase to the Lair.
 14660 | D:10     | Slain by a very large slime creature

Illustrated notes

Levels and vault maps discovered:
D:1:      lightli_arrival_quake, layout_basic,
          shapermc_ecumenical_altar_pompeii, st_stairs_12
D:2:      kb_forest_paths, layout_basic, serial_shops, nicolae_shop_stone, shop,
          nicolae_shop_window_shopping, nicolae_square_shop, basic_altar,
          minmay_surrounded
D:3:      layout_loops_ring
D:4:      layout_gridville, serial_shops, shop
D:5:      layout_loops_ring, mainiacjoe_overflow_catch_the_wave
D:6:      layout_rooms, general_overflow_altar, minmay_temple_entry_fiery,
          nicolae_water_bricks
D:7:      layout_cave_pools, minitemple, serial_rivers,
          chequers_serial_rivers_marsh, chequers_serial_rivers_large_a,
          chequers_serial_rivers_micro_d, chequers_serial_rivers_small_b,
          chequers_serial_rivers_micro_b, chequers_serial_rivers_micro_d
D:8:      layout_loops_ring, serial_shops, nicolae_diamond_shop,
          kennysheep_small_square
D:9:      layout_small_grid, orc_0_dummy, chequers_serial_rivers_large_b
D:10:     layout_grid_maze, dpeg_oklobed_lair, grunt_decor_junction
D:11:     minmay_quarter_circles, layout_layer_cave,
          portal_ice_cave_entry_pillars_1, uniq_josephine
Temple:   minmay_temple_bridge_abc

Skill      XL: |  1  2  3  4  5  6  7  8  9 10 |
---------------+-------------------------------+-----
Spellcasting   | 3 4 |  4.0
Invocations    | 1 2 3 4 6 7 |  7.1
Fighting       | 1 2 3 6 8 10 | 10.4
Conjurations   | 5 6 |  6.0
Earth Magic    | 2 5 7 9 |  9.3
Dodging        | |  1.7
Stealth        | |  1.7

Action                   |  1- 3 |  4- 6 |  7- 9 | 10-12 || total
-------------------------+-------+-------+-------+-------++-------
Melee: Unarmed           |     7 |       |       |       ||     7
       Dagger            |    28 |    13 |    63 |     9 ||   113
       Tailslap          |     2 |       |     4 |     3 ||     9
Throw: Dart              |       |       |    15 |       ||    15
 Cast: Magic Dart        |    43 |       |       |       ||    43
       Searing Ray       |    21 |    49 |    77 |    18 ||   165
       Lee's Rapid Decon |       |       |    11 |    40 ||    51
Invok: Channel Magic     |       |       |     2 |     2 ||     4
 Abil: Breathe Frost     |       |       |    12 |     1 ||    13
Evoke: Wand              |       |       |     3 |       ||     3
  Use: Scroll            |       |     6 |     3 |     5 ||    14
       Potion            |       |     1 |     1 |       ||     2
 Stab: Sleeping          |       |     1 |       |       ||     1
Armor: Skin              |    24 |    14 |    76 |    17 ||   131
Dodge: Dodged            |    47 |    25 |   146 |    45 ||   263

Table legend: (Time is in decaauts)
 A = Elapsed time spent in this place.
 B = Non-inter-level travel time spent in this place.
 C = Inter-level travel time spent in this place.
 D = Time resting spent in this place.
 E = Time spent auto-exploring this place.
 F = Levels seen in this place.
 G = Mean time per level.
                   A        B        C        D        E       F      G
               +--------+--------+--------+--------+--------+-----+--------+
         Total |  14732 |  14300 |    432 |   1217 |  11072 |  12 | 1227.7 |
       Dungeon |  14695 |  14277 |    418 |   1217 |  11053 |  11 | 1335.9 |
        Temple |     36 |     22 |     14 |      0 |     19 |   1 |   36.0 |
               +--------+--------+--------+--------+--------+-----+--------+

Top non-repeatable levels by time:
    D:10: 2116 daAuts
     D:5: 1829 daAuts
     D:8: 1719 daAuts
     D:1: 1489 daAuts
     D:9: 1468 daAuts
     D:4: 1464 daAuts
     D:6: 1271 daAuts
     D:2: 1232 daAuts
     D:3: 1051 daAuts
     D:7: 1023 daAuts
  Temple: 36 daAuts
    D:11: 28 daAuts
